 Dungeon Crawl Stone Soup version 0.29.0-13-gc9e81de378 (webtiles) character file.

Game seed: 13075512782209055489

2288 Esekla the Magician (level 9, -2/44 HPs)
             Began as a Vine Stalker Wanderer on Sept 10, 2022.
             Was an Initiate of Vehumet.
             Slain by a two-headed ogre
             ... wielding a +0 giant club
              (26 damage)
             ... on level 7 of the Dungeon.
             The game lasted 00:44:16 (6305 turns).

Esekla the Magician (Vine Stalker Wanderer)         Turns: 6305, Time: 00:44:17

Health: -2/44      AC: 11    Str: 16    XL:     9   Next: 39%
Magic:  0/17       EV: 12    Int: 17    God:    Vehumet [......]
Gold:   171        SH:  0    Dex: 12    Spells: 6/17 levels left

rFire   + . .      SeeInvis .   s - +1 dagger (freeze)
rCold   + . .      Faith    .   (no shield)
rNeg    + + .      Spirit   +   m - +0 troll leather armour
rPois   +          Reflect  .   w - +2 helmet of a wizard's laboratory {Harm rF+ rC+}
rElec   .          Harm     +   (no cloak)
rCorr   +          Rampage  .   (no gloves)
Will    ++...                   (no boots)
Stlth   ++........              o - amulet of Qexocs {rPois rN++ Will+ Regen+ rCorr}
HPRegen 2.54/turn               n - ring of poison resistance
MPRegen 0.15/turn               B - +4 ring of protection

@: on blink cooldown
A: fangs 3, regeneration 1, magic shield, antimagic bite, no potion heal 2
a: Renounce Religion


You were on level 7 of the Dungeon.
You worshipped Vehumet.
Vehumet was noncommittal.
You visited 2 branches of the dungeon, and saw 8 of its levels.

You collected 517 gold pieces.
You spent 346 gold pieces at shops.

Inventory:

Hand Weapons
 a - a +0 scimitar
 r - a +0 trident
 s - a +1 dagger of freezing (weapon)
Missiles
 j - 3 silver javelins
 E - 5 javelins
 F - 9 poisoned darts (quivered)
 G - a boomerang
Armour
 c - a +0 leather armour
 h - a +0 robe of cold resistance
 m - a +0 troll leather armour (worn)
 w - the +2 helmet of a wizard's laboratory (worn) {Harm rF+ rC+}
   (You found it on level 3 of the Dungeon)

   rF:        It protects you from fire.
   rC:        It protects you from cold.
   Harm:      It increases damage dealt and taken.
 z - a +2 leather armour of fire resistance
Jewellery
 n - a ring of poison resistance (left hand)
 o - the amulet of Qexocs (around neck) {rPois rN++ Will+ Regen+ rCorr}
   (You found it on level 4 of the Dungeon)

   [amulet of regeneration]

   rPois:     It protects you from poison.
   rN:        It greatly protects you from negative energy.
   Regen:     It increases your rate of health regeneration.
   rCorr:     It protects you from acid and corrosion.
   Will:      It increases your willpower.
 B - a +4 ring of protection (right hand)
Wands
 y - a wand of roots (1)
 H - a wand of mindburst (18)
Scrolls
 b - 4 scrolls of teleportation
 d - 3 scrolls of vulnerability {unknown}
 i - 2 scrolls of magic mapping {unknown}
 l - 2 scrolls of enchant armour
 q - 3 scrolls of noise {unknown}
 u - 4 scrolls of amnesia {unknown}
 v - 2 scrolls of fear
 x - a scroll of brand weapon {unknown}
Potions
 e - a potion of lignification
 f - 2 potions of brilliance
 g - 5 potions of curing {unknown}
 k - 3 potions of might
 p - 2 potions of ambrosia
 t - 2 potions of haste
 C - 2 potions of invisibility
 D - a potion of attraction {unknown}


   Skills:
 + Level 3.4 Fighting
 + Level 2.6(3.3) Short Blades
 + Level 3.0(3.5) Long Blades
 + Level 0.3 Maces & Flails
 + Level 0.7 Throwing
 * Level 2.9 Armour
 + Level 2.5 Dodging
 + Level 3.4 Stealth
 * Level 4.7 Spellcasting
 + Level 3.6 Conjurations
 - Level 4.0 Translocations
 + Level 3.7 Transmutations
 * Level 0.8 Ice Magic
 + Level 3.3 Air Magic
 + Level 3.4 Poison Magic
 + Level 1.0 Invocations


You had 6 spell levels left.
You knew the following spells:

 Your Spells              Type           Power      Damage    Failure   Level
b - Blink                 Tloc           34%        N/A       4%          2
c - Mephitic Cloud        Conj/Pois/Air  15%        N/A       13%         3
p - Apportation           Tloc           34%        N/A       3%          1
r - Frozen Ramparts       Ice            12%        1d2       36%         3
w - Wereblood             Tmut           16%        N/A       5%          2

Your spell library contained the following spells:

 Spells                   Type           Power      Damage    Failure   Level
 Beastly Appendage        Tmut           32%        N/A       3%          1
 Sting                    Tmut/Pois      64%        1d6       4%          1
 Teleport Other           Tloc           17%        N/A       10%         3
 Freeze                   Ice            24%        1d5       12%         1
 Spider Form              Tmut/Pois      16%        N/A       12%         3
 Hailstorm                Conj/Ice       11%        3d5       56%         4


Dungeon Overview and Level Annotations

Branches:
Dungeon (7/15)             Temple (1/1) D:7

Altars:
Cheibriados
Elyvilon
Fedhas
Hepliaklqana
Kikubaaqudgha
Nemelex Xobeh
Qazlal
Ru
Sif Muna
Trog
Vehumet
Wu Jian
Zin

Shops:
D:1 ?*:=


Innate Abilities, Weirdness & Mutations

You have razor-sharp teeth.
Your natural rate of healing is unusually fast.
When hurt, damage is shared between your health and your magic reserves.
Your bite disrupts and absorbs the magic of your enemies.
Potions cannot restore your health.


Message History

Press: ? - help, Q - select action, (/) - cycle Shift-Dir - straight line, f/p - two-headed ogre
Aim: a two-headed ogre, wielding two +0 giant clubs (lightly wounded, very poisoned, 73% to hit)
You throw a poisoned dart.
The poisoned dart hits the two-headed ogre.
The two-headed ogre looks even sicker.
The two-headed ogre is lightly wounded.
Casting: Mephitic Cloud (dangerous; 13% risk of failure)
Confirm with . or Enter, or press ? or * to list all spells.
Aiming: Mephitic Cloud (dangerous; 13% risk of failure)
Press: ? - help, Shift-Dir - straight line, p - two-headed ogre The ball explodes into a vile cloud!
The stinking cloud engulfs the two-headed ogre but does no damage.
The two-headed ogre is lightly wounded.
The two-headed ogre is engulfed in noxious fumes.
The two-headed ogre appears confused.
Your +1 dagger of freezing glows with a cold blue light!
s - a +1 dagger of freezing (weapon)
You hit the two-headed ogre. You freeze the two-headed ogre.
You bite the two-headed ogre. You drain its power.
You feel invigorated.
The two-headed ogre is moderately wounded.
The two-headed ogre is engulfed in noxious fumes.
The two-headed ogre barely misses you.
The two-headed ogre hits you with a +0 giant club!
You hit the two-headed ogre. You freeze the two-headed ogre.
You bite the two-headed ogre. You drain its power.
You feel invigorated.
The two-headed ogre is heavily wounded.
You completely miss the two-headed ogre.
The two-headed ogre is heavily wounded.
The two-headed ogre seems less confused.
The two-headed ogre hits you with a +0 giant club!!
Ouch! That really hurt!
The two-headed ogre hits you but does no damage.
You hit the two-headed ogre but do no damage.
The two-headed ogre is heavily wounded.
Casting: Mephitic Cloud (dangerous; 13% risk of failure)
Confirm with . or Enter, or press ? or * to list all spells.
You blink.
The two-headed ogre hits you with a +0 giant club!!
Ouch! That really hurt!
You die...

...... #.##O#...# ......
#.....##.#.# ......######
####.......# ......#....#
######.###.### ......#.##.#
#....#.# # #...#.#.##.# #.##.#.#
#...#)##.####.##...#
####..[<.#.#....###### #.#
#..........#....@# #.#
#+####)###.#...O.# #.#
....##)###.#...§.# #.#
⌠.⌠.#..#...##....#######.##
.>..'....####....(.((.....#
⌠.⌠.###...................#######
....# ###.###....................
#)#### #.# #....#####...########
.))..# #.# ###### #.###


You could see a two-headed ogre (poisoned).

Vanquished Creatures
  A troll (D:6)
  Eustachio (D:4)
  A steam dragon (D:7)
  Edmund (D:5)
  2 water moccasins
  A black bear (D:7)
  2 kobold brigands
  2 phantoms
  Blork the orc (D:4)
  2 necrophages
  4 scorpions
  4 killer bees
  5 hounds
  An orc priest (D:6)
  Ijyb (D:4)
  2 iguanas
  An orc wizard (D:6)
  Robin (D:3)
  4 gnolls (D:4)
  7 adders
  A white imp (D:6)
  2 worms
  A dart slug (D:2)
  9 orcs
  6 ball pythons
  8 bats
  7 endoplasms
  4 giant cockroaches (D:1)
  15 goblins
  7 hobgoblins
  4 jackals (D:4)
  3 quokkas
  6 frilled lizards
  14 kobolds
  8 rats
  A spectral kobold (D:1)
140 creatures vanquished.

Vanquished Creatures (others)
  A plant (D:3)
1 creature vanquished.

Grand Total: 141 creatures vanquished

Notes
Turn   | Place    | Note
-------+----------+-------------------------------------------
     0 | D:1      | Esekla the Vine Stalker Wanderer began the quest for the
                  | Orb.
     0 | D:1      | Esekla set off with the following items: a +0 club, a
                  | scroll of teleportation, a +0 ring mail; and the following
                  | spells available to memorise: Apportation, Blink, Sting,
                  | Teleport Other, Mephitic Cloud.
     0 | D:1      | Reached XP level 1. HP: 11/11 MP: 3/3
     2 | D:1      | Learned a level 1 spell: Apportation
   326 | D:1      | Reached XP level 2. HP: 13/15 MP: 5/5
   337 | D:1      | Found Niruikku's General Store.
   341 | D:1      | Found Ruxzeomo's Book Shoppe.
   352 | D:1      | Reached skill level 1 in Air Magic
   443 | D:1      | Found Etryim's Jewellery Boutique.
   469 | D:1      | Learned a level 2 spell: Blink
   591 | D:1      | Found Mysovuc's Magic Scroll Boutique.
   857 | D:1      | Reached XP level 3. HP: 18/18 MP: 6/6
   857 | D:1      | Found a faded altar of an unknown god.
  1682 | D:2      | Learned a level 3 spell: Mephitic Cloud
  2081 | D:2      | Gained mutation: Your natural rate of healing is unusually
                  | fast. [Vine Stalker growth]
  2081 | D:2      | Reached XP level 4. HP: 13/23 MP: 0/8
  2622 | D:3      | Identified the +2 helmet of a wizard's laboratory {Harm rF+
                  | rC+}
  2669 | D:3      | Found a sparkling altar of Nemelex Xobeh.
  2880 | D:1      | Bought a scroll of fear for 52 gold pieces
  2880 | D:1      | Bought a scroll of identify for 26 gold pieces
  2880 | D:1      | Bought a scroll of identify for 26 gold pieces
  2880 | D:1      | Bought a scroll of identify for 26 gold pieces
  3032 | D:4      | Noticed Eustachio
  3056 | D:4      | Killed Eustachio
  3057 | D:4      | Reached skill level 1 in Long Blades
  3057 | D:4      | Reached skill level 1 in Stealth
  3057 | D:4      | Reached skill level 1 in Conjurations
  3057 | D:4      | Reached skill level 1 in Transmutations
  3057 | D:4      | Reached XP level 5. HP: 26/26 MP: 4/9
  3105 | D:4      | Noticed Robin
  3107 | D:4      | Noticed Ijyb
  3145 | D:3      | Killed Robin
  3146 | D:3      | Reached skill level 1 in Dodging
  3146 | D:3      | Reached XP level 6. HP: 30/30 MP: 4/10
  3343 | D:1      | Bought a potion of lignification for 36 gold pieces
  3548 | D:4      | Identified the amulet of Qexocs {rPois rN++ Will+ Regen+
                  | rCorr}
  3583 | D:4      | Found a bloodstained altar of Trog.
  3592 | D:4      | Found an ancient bone altar of Kikubaaqudgha.
  3664 | D:4      | Killed Ijyb
  3922 | D:4      | Noticed Blork the orc
  3943 | D:4      | Killed Blork the orc
  3944 | D:4      | Reached XP level 7. HP: 35/35 MP: 8/11
  4016 | D:5      | Entered Level 5 of the Dungeon
  4084 | D:5      | Noticed Edmund
  4293 | D:5      | Reached skill level 1 in Short Blades
  4406 | D:1      | Bought a book of Changes for 180 gold pieces
  4409 | D:1      | Learned a level 2 spell: Wereblood
  4616 | D:5      | Killed Edmund
  4719 | D:5      | Gained mutation: You have razor-sharp teeth. [Vine Stalker
                  | growth]
  4719 | D:5      | Reached XP level 8. HP: 40/40 MP: 13/13
  4748 | D:5      | Found a shimmering blue altar of Sif Muna.
  4832 | D:5      | Found an ornate altar of the Wu Jian Council.
  5184 | D:6      | Noticed a troll
  5208 | D:6      | Killed a troll
  5434 | D:6      | Reached XP level 9. HP: 44/44 MP: 16/16
  5458 | D:6      | Found a blossoming altar of Fedhas.
  5518 | D:6      | Found a sacrificial altar of Ru.
  5894 | D:7      | Learned a level 3 spell: Frozen Ramparts
  5951 | D:7      | Found a staircase to the Ecumenical Temple.
  5957 | Temple   | Entered the Ecumenical Temple
  5986 | Temple   | Became a worshipper of Vehumet
  6215 | D:7      | Noticed a gargoyle
  6215 | D:7      | Noticed a two-headed ogre
  6305 | D:7      | Slain by a two-headed ogre

Illustrated notes

Levels and vault maps discovered:
D:1:      dpeg_arrival_rooms_a, layout_loops_ring, serial_shops, shop, shop,
          shop, shop, dreamdust_ecumenical_altar_drowned_temple
D:2:      minmay_chambers_of_twos, layout_loops_ring,
          amcnicky_mini_corridor_feature
D:3:      layout_rooms, nemelex_spade_bored_becter, serial_park_tiny_2,
          serial_bayou_pond_b, minivault_24
D:4:      layout_rooms, lemuel_crystal_altar, mainiacjoe_overflow_catwalk,
          corexii_checkpoint_b, nicolae_kite_square_tiling_tiny, minivault_1,
          uniq_ijyb, uniq_robin, uniq_blork_the_orc, uniq_eustachio
D:5:      layout_basic, nicolae_sif_muna_little_library,
          mainiacjoe_overflow_concentric_impassable, kennysheep_windowed_goal,
          uniq_edmund
D:6:      layout_cave_pools, hangedman_ru_absence, fedhas_ov_isle_minmay
D:7:      layout_basic, minmay_temple_entry_hall, serial_curves, eino_curves_04,
          eino_curves_04, minmay_door_square, dilly_guarded_unrand_devastator
Temple:   cyrus_temple_forest

Skill      XL: |  1  2  3  4  5  6  7  8  9 |
---------------+----------------------------+-----
Air Magic      | 1 2 3 |  3.3
Spellcasting   | 2 3 4 |  4.7
Fighting       | 2 3 |  3.4
Long Blades    | 1 2 3 |  3.0
Stealth        | 1 2 3 |  3.4
Conjurations   | 1 2 3 |  3.6
Transmutations | 1 2 3 |  3.7
Dodging        | 1 2 |  2.5
Poison Magic   | 2 3 |  3.4
Short Blades   | 1 2 |  2.6
Armour         | 2 |  2.9
Maces & Flails | |  0.3
Throwing       | |  0.7
Translocations | |  4.0
Ice Magic      | |  0.8
Invocations    | |  1.0

Action                   |  1- 3 |  4- 6 |  7- 9 || total
-------------------------+-------+-------+-------++-------
Melee: Dagger            |    85 |    40 |   128 ||   253
       Club              |     6 |       |       ||     6
       Bite              |    28 |    39 |    67 ||   134
       Punch             |     1 |       |     3 ||     4
       Scimitar          |    29 |   107 |    94 ||   230
Throw: Javelin           |     1 |       |     2 ||     3
       Dart              |       |     7 |     9 ||    16
       Boomerang         |       |       |     3 ||     3
 Cast: Apportation       |     2 |       |       ||     2
       Mephitic Cloud    |     1 |     7 |    21 ||    29
       Blink             |       |     2 |     2 ||     4
  Use: Scroll            |       |     7 |     2 ||     9
 Stab: Confused          |       |     5 |    14 ||    19
       Sleeping          |       |     1 |       ||     1
       Distracted        |       |     1 |     1 ||     2
Armor: Ring mail         |     9 |       |       ||     9
       Leather armour    |    14 |     2 |    53 ||    69
       Robe              |     6 |    52 |       ||    58
       Troll leather arm |       |       |    49 ||    49
Dodge: Dodged            |    69 |    98 |   133 ||   300
